Map: 死亡光环-天梯版

Players

夜蝶蝶蝶蝶蝶蝶蝶 (Firefly)

  • Race: Protoss Protoss

Silky - Winner!

  • Race: Zerg Zerg
  • League: Master

Event: DreamHack SC2 Masters 2020 Summer China

VOD

Have the link to the VOD?

Description

Time

  • Played on: July 2, 2020, 9:54 a.m.
  • Length: 7:49

All games in this series

Show
View Real Time Build Order
Export as new Build Order

夜蝶蝶蝶蝶蝶蝶蝶 Protoss 

Build Orders: 1 Gate Expand, Oracle Opening, Mass Adepts 

Get SALT Encoding   

  12  0:00  Probe  
  13  0:12  Probe  
  14  0:18  Pylon  
  14  0:24  Probe  
  15  0:32  Probe  
  15  0:41  Gateway, Probe  
  17  0:51  Assimilator  
  17  0:52  Probe  
  18  1:05  Probe  
  19  1:17  Probe  
  20  1:26  Nexus  
  20  1:36  Cybernetics Core  
  20  1:39  Probe  
  21  1:44  Assimilator  
  21  1:51  Probe  
  22  1:55  Pylon  
  22  2:03  Adept, Probe  
  23  2:13  Warp Gate  
  23  2:15  Probe  
  26  2:23  Adept  
  26  2:27  Probe  
  29  2:37  Stargate  
  29  2:40  Probe x2  
  31  2:52  Probe x2  
  33  3:02  Adept  
  33  3:04  Probe x2  
  37  3:09  Gateway, Oracle  
  37  3:11  Gateway  
  37  3:16  Probe x2  
  39  3:26  Pylon  
  42  3:28  Probe  
  42  3:32  Adept  
  45  3:37  Shield Battery  
  45  3:38  Oracle  
  45  3:40  Probe x2  
  45  3:44  Pylon  
  45  3:47  Shield Battery  
  45  3:52  Probe  
  49  3:57  Probe  
  50  4:03  Pylon  
  50  4:06  Adept x2  
  50  4:07  Probe  
  55  4:13  Oracle  
  55  4:14  Adept  
  60  4:26  Probe  
  60  4:27  Assimilator, Probe  
  60  4:29  Assimilator  
  60  4:30  Pylon  
  62  4:35  Pylon  
  62  4:48  Probe  
  62  4:49  Adept x3  
  62  4:50  Probe  
  66  4:58  Robotics Facility  
  60  5:00  Forge, Probe  
  60  5:02  Probe  
  62  5:11  Adept x3  
  62  5:12  Probe  
  69  5:14  Probe  
  70  5:25  Nexus  
  70  5:26  Pylon  
  70  5:34  Sentry x2  
  74  5:37  Immortal  
  74  5:39  Probe  
  74  5:40  Probe  
  80  5:52  Probe x2  
  80  5:54  Shield Battery  
  82  6:04  Probe x2  
  84  6:09  Adept x3  
  90  6:12  Phoenix  
  90  6:16  Probe x2  
  94  6:19  Twilight Council  
  94  6:33  Pylon  
  94  6:36  Immortal, Probe x2  
  97  6:40  Probe  
  86  6:48  Sentry x2, Probe  
  86  6:49  Probe  
  86  6:51  Gateway  
  86  6:52  Probe  
  86  6:53  Gateway  
  93  6:54  Gateway  
  93  6:57  Gateway  
  93  6:58  Gateway  
  93  7:05  Sentry, Shield Battery  
  93  7:07  Pylon  
  95  7:10  Probe  
  95  7:13  Stalker x2  
  95  7:15  Shield Battery, Probe  
  103  7:31  Stalker  
Show
View Real Time Build Order
Export as new Build Order

Silky Zerg - Winner!

Build Orders: Hatch First 

Get SALT Encoding   

  12  0:00  Drone  
  13  0:12  Overlord  
  13  0:16  Drone  
  14  0:30  Drone  
  14  0:31  Drone  
  14  0:35  Drone  
  17  0:51  Hatchery  
  17  0:54  Drone  
  17  0:57  Drone  
  17  1:02  Extractor  
  17  1:13  Spawning Pool  
  17  1:15  Drone  
  17  1:19  Drone  
  18  1:29  Drone  
  19  1:38  Drone  
  20  1:55  Hatchery, Drone  
  20  1:59  Drone  
  21  2:04  Metabolic Boost  
  21  2:06  Zergling x2  
  22  2:13  Queen  
  24  2:22  Queen  
  26  2:27  Overlord  
  26  2:32  Zergling x2  
  26  2:33  Zergling x2  
  28  2:46  Zergling x4  
  28  2:47  Zergling x4  
  28  2:48  Drone  
  33  2:53  Queen  
  33  2:58  Overlord  
  35  3:05  Drone  
  36  3:08  Drone  
  36  3:09  Drone  
  38  3:13  Drone  
  38  3:18  Queen  
  41  3:21  Drone x2  
  43  3:31  Drone  
  42  3:35  Drone  
  42  3:36  Drone x4  
  42  3:39  Drone  
  46  3:43  Spore Crawler  
  46  3:44  Spore Crawler  
  46  3:45  Drone  
  46  3:46  Drone  
  46  3:48  Drone  
  46  3:51  Spore Crawler  
  46  3:53  Drone  
  47  3:56  Overlord  
  47  4:00  Drone x2  
  49  4:06  Overlord  
  49  4:07  Overlord  
  49  4:12  Overlord  
  49  4:16  Overlord  
  48  4:19  Zergling x8  
  52  4:25  Roach Warren  
  52  4:27  Zergling x6  
  52  4:29  Drone  
  55  4:32  Drone x2  
  55  4:35  Zergling x2  
  58  4:40  Zergling x2  
  59  4:48  Zergling x10  
  61  4:53  Drone x3  
  61  4:54  Drone  
  64  5:02  Lair  
  64  5:04  Drone x2  
  64  5:09  Drone x3  
  64  5:12  Drone  
  64  5:13  Drone x2  
  70  5:17  Drone x2  
  70  5:18  Extractor x2  
  70  5:22  Extractor  
  70  5:23  Extractor  
  68  5:31  Overlord  
  68  5:33  Roach x4  
  75  5:36  Drone x2  
  75  5:37  Drone  
  75  5:38  Drone  
  75  5:42  Drone x2  
  80  5:47  Drone x3  
  83  5:52  Roach  
  83  5:53  Roach  
  87  5:57  Roach x2  
  87  6:01  Roach  
  87  6:03  Overlord  
  93  6:10  Overlord  
  93  6:14  Overlord  
  93  6:16  Overlord  
  93  6:22  Overlord  
  93  6:24  Roach x2  
  97  6:26  Roach  
  97  6:31  Zergling x4  
  97  6:32  Ravager x4, Zergling x6  
  108  6:33  Ravager  
  106  6:41  Zergling x12  
  105  6:47  Zergling x4  
  105  6:51  Zergling x2  
  105  6:52  Zergling x10  
  113  6:55  Ravager x2  
  113  6:56  Ravager x2  
  113  6:57  Overseer  
  113  6:58  Zergling x4  
  113  7:00  Zergling x2  
  113  7:01  Zergling x2  
  121  7:04  Zergling x4  
  121  7:05  Ravager  
  121  7:07  Ravager, Zergling x2  
  121  7:08  Zergling x2  
  127  7:13  Zergling x2  
  128  7:16  Ravager, Overlord  
  128  7:17  Drone  
  130  7:23  Overlord  
Tags
 
Add a new tag
Caveats
  • Supply blocks, unpowered buildings, or Contaminate may cause inaccurate times.
  • Supply counts are checked every 10 seconds.